 Dungeon Crawl Stone Soup version 0.27-a0-1431-gcffa5a9b16 (webtiles) character file.

Game seed: 3397923801974221453

1683 backslashecho the Ducker (level 9, -3/66 HPs)
             Began as a Djinni Conjurer on Mar 23, 2021.
             Slain by a queen bee (shapeshifter) (16 damage)
             ... on level 6 of the Dungeon on July 3, 2021.
             The game lasted 00:29:44 (8251 turns).

backslashecho the Ducker (Djinni Conjurer)          Turns: 8251, Time: 00:29:45

Health: -3/66      AC:  4    Str:  6    XL:     9   Next: 22%
Gold:   206        EV: 14    Int: 23    God:
                   SH:  0    Dex: 12

rFire    + + .     SeeInvis .   t - +0 dagger (drain)
rCold    x . .     Faith    .   (no shield)
rNeg     . . .     Spirit   .   a - +0 robe
rPois    ∞         Reflect  .   p - +0 helmet
rElec    .         Harm     .   g - +0 cloak
rCorr    .         Rampage  .   (no gloves)
Will     .....                  (boots unavailable)
Stlth    ++........             (no amulet)
HPRegen  0.21/turn              (no ring)
MPRegen  0.00/turn              (no ring)

@: flying
A: sickness immunity, fire resistance 2, cold vulnerability 1, float, innate
caster, hp casting, extra vitality 1
a: no special abilities


You were on level 6 of the Dungeon.
You visited 2 branches of the dungeon, and saw 8 of its levels.
You also visited: Sewer.

You collected 206 gold pieces.

Inventory:

Hand Weapons
 t - a +0 dagger of draining (weapon)
Missiles
 k - 114 stones (quivered)
 o - 2 javelins
Armour
 a - a +0 robe (worn)
 g - a +0 cloak (worn)
 p - a +0 helmet (worn)
Scrolls
 b - 4 scrolls of identify
 c - a scroll of magic mapping
 d - 5 scrolls of teleportation
 e - a scroll of fear {unknown}
 f - 2 scrolls of noise
 h - a scroll of vulnerability {unknown}
 q - a scroll of immolation {unknown}
Potions
 i - a potion of mutation {unknown}
 j - 4 potions of heal wounds
 l - a potion of brilliance {unknown}
 m - a potion of invisibility {unknown}
 n - 3 potions of lignification
 r - a potion of haste
 u - a potion of ambrosia {unknown}


   Skills:
 + Level 5.8 Fighting
 + Level 6.9 Dodging
 - Level 1.5 Stealth
 + Level 6.4 Spellcasting


You couldn't memorise any spells.
You knew the following spells:

 Your Spells              Type           Power      Damage    Failure   Level
a - Sandblast             Erth           72%        2d16      1%          1
b - Poisonous Vapours     Pois/Air       72%        N/A       1%          2
c - Dazzling Flash        Conj/Hex       72%        N/A       1%          3
d - Fulminant Prism       Conj/Hex       18%        3d11      6%          4
e - Iskenderun's Mystic   Conj/Tloc      36%        2d9       6%          4
f - Magic Dart            Conj           100%       1d8       1%          1
g - Spider Form           Tmut/Pois      18%        N/A       1%          3
h - Lesser Beckoning      Tloc           18%        N/A       1%          3
x - Searing Ray           Conj           72%        3d6       1%          2
Your spell library was empty.

Dungeon Overview and Level Annotations

Branches:
Dungeon (7/15)             Temple (1/1) D:6           Sewer (visited)

Altars:
Ashenzari
Fedhas
Gozag
Kikubaaqudgha
Makhleb
Nemelex Xobeh
Qazlal
Ru
Sif Muna
Trog
Uskayaw
Vehumet
Wu Jian
Xom
Yredelemnul
Zin

Shops:
D:6 (


Innate Abilities, Weirdness & Mutations

You are immune to sickness and miasma.
You are immune to poison.
Your flesh is very heat resistant. (rF++)
You are vulnerable to cold. (rC-)
You float through the air rather than walking.
You learn spells naturally, not from books.
Your magical power is your life essence.
You have superior vitality. (+4 HP)


Message History

The queen bee stings you! x2
The queen bee stings you. The queen bee stings you. The queen bee stings you!
You turn to flesh and can move again.
You take 19 damage, and have 46/66 hp.
MASSIVE DAMAGE!!
Unknown command.
Unknown command.
Unknown command.
Casting: Sandblast (safe; 1% risk of failure)
Confirm with . or Enter, or press ? or * to list all spells.
Aiming: Poisonous Vapours (safe; 1% risk of failure)
Press: ? - help, Dir - move target, f/p - queen bee
Aim: a queen bee shaped shifter (moderately wounded) Poisonous vapours surround the queen bee!
The queen bee is poisoned.
The queen bee stings you!
You take 17 damage, and have 29/66 hp.
MASSIVE DAMAGE!!
Unknown command.
Casting: Poisonous Vapours (safe; 1% risk of failure)
Confirm with . or Enter, or press ? or * to list all spells.
Aiming: Sandblast (safe; 1% risk of failure)
Press: ? - help, Shift-Dir - straight line, f/p - queen bee
Aim: a queen bee shaped shifter (heavily wounded, very poisoned, 82% to hit)
The blast of sand hits the queen bee but does no damage.
The queen bee is heavily wounded.
k - 115 stones The queen bee stings you!
* * * LOW HITPOINT WARNING * * *
You take 15 damage, and have 14/66 hp.
MASSIVE DAMAGE!!
Casting: Sandblast (safe; 1% risk of failure)
Confirm with . or Enter, or press ? or * to list all spells.
Aiming: Sandblast (safe; 1% risk of failure)
Press: ? - help, Shift-Dir - straight line, f/p - queen bee
Aim: a queen bee shaped shifter (heavily wounded, very poisoned, 82% to hit)
The blast of sand hits the queen bee.
The queen bee is severely wounded.
k - 114 stones
* * * LOW HITPOINT WARNING * * *
The queen bee stings you!
You die...

#.# #.⌠.#
##########÷###...#
#...†.............
#.#########.⌠..>..
#.# #....... #.#
####...# #.# #.⌠.#
#.# #...# #@#
##### #...y.#
#.._...# #.#.#..#
#.....## ######


You could see a queen bee shaped shifter (very poisoned).

Vanquished Creatures
  Grinder (D:5)
  Prince Ribbit (D:6)
  A water moccasin (Sewer)
  An orc warrior (D:7)
  An ogre (D:5)
  2 bullfrogs
  A scorpion (D:4)
  A jelly (D:7)
  A gnoll shaman (D:4)
  4 orc priests
  2 hounds
  An iguana (D:5)
  6 orc wizards
  5 removed worker ants
  2 hound skeletons
  Robin (D:3)
  8 gnolls (D:4)
  6 adders
  A shadow imp (D:6)
  An ufetubus (D:5)
  7 worms
  4 dart slugs
  21 orcs
  3 endoplasms
  4 giant cockroaches
  12 goblins
  7 hobgoblins
  8 jackals
  6 kobolds
  4 quokkas
  6 ball pythons
  3 bats
  6 frilled lizards
  A jackal zombie (D:7)
  A quokka skeleton (D:5)
  5 rats
145 creatures vanquished.

Vanquished Creatures (others)
  5 fulminant prisms
5 creatures vanquished.

Grand Total: 150 creatures vanquished

Notes
Turn   | Place    | Note
-------+----------+-------------------------------------------
     0 | D:1      | backslashecho the Djinni Conjurer began the quest for the
                  | Orb.
     0 | D:1      | Reached XP level 1. HP: 15/15 MP: 0/0
   312 | D:1      | Reached XP level 2. HP: 21/22 MP: 0/0
   990 | D:1      | Reached skill level 1 in Fighting
  1271 | D:2      | Found a blossoming altar of Fedhas.
  1300 | D:2      | Reached XP level 3. HP: 16/27 MP: 0/0
  1300 | D:2      | Learned a level 1 spell: Sandblast
  2349 | D:2      | Reached XP level 4. HP: 29/32 MP: 0/0
  2654 | D:3      | Noticed Robin
  2953 | D:3      | Killed Robin
  3664 | D:3      | Reached XP level 5. HP: 14/38 MP: 0/0
  3664 | D:3      | Learned a level 2 spell: Poisonous Vapours
  4040 | D:4      | Found a glowing drain.
  4065 | Sewer    | Entered a sewer
  4260 | Sewer    | Noticed a water moccasin
  4266 | Sewer    | Killed a water moccasin
  4267 | Sewer    | Reached skill level 5 in Spellcasting
  4267 | Sewer    | Reached XP level 6. HP: 24/45 MP: 0/0
  4939 | D:4      | Reached XP level 7. HP: 26/50 MP: 0/0
  4939 | D:4      | Learned a level 3 spell: Spider Form
  6040 | D:5      | Entered Level 5 of the Dungeon
  6134 | D:5      | Reached skill level 5 in Dodging
  6156 | D:5      | Noticed Grinder
  6160 | D:5      | Killed Grinder
  6161 | D:5      | Reached XP level 8. HP: 50/58 MP: 0/0
  6285 | D:5      | Found an ornate altar of the Wu Jian Council.
  7073 | D:6      | Found a stormy altar of Qazlal.
  7077 | D:6      | Noticed Sigmund
  7208 | D:6      | You are sucked into a shaft and drop 1 floor!
  7256 | D:7      | Reached skill level 5 in Fighting
  7694 | D:6      | Noticed Prince Ribbit
  7696 | D:6      | Killed Prince Ribbit
  7715 | D:6      | Found Karof's Weapon Shop.
  7749 | D:6      | Found a broken altar of Ashenzari.
  7830 | D:6      | Found a staircase to the Ecumenical Temple.
  7849 | Temple   | Entered the Ecumenical Temple
  8000 | D:6      | Upgraded the game from 0.27-a0-732-ga892ba84f6 to
                  | 0.27-a0-1431-gcffa5a9b16
  8000 | D:6      | Reached XP level 9. HP: 63/66 MP: 0/0
  8000 | D:6      | Learned a level 3 spell: Lesser Beckoning
  8133 | D:6      | Found a hide-covered altar of Uskayaw.
  8237 | D:6      | Found a burning altar of Makhleb.
  8239 | D:6      | Noticed a queen bee
  8239 | D:6      | a basilisk changed into a queen bee
  8251 | D:6      | Slain by a queen bee (shapeshifter)

Illustrated notes

Levels and vault maps discovered:
D:1:      dpeg_arrival_more_subterranean_lakeside_camping, layout_basic,
          kennysheep_small_spiral
D:2:      layout_loops_ring, fedhas_ov_isle_minmay
D:3:      layout_loops_corners, lemuel_coloured_pillars_altar, uniq_robin
D:4:      layout_cave_pods, cheibrodos_sewer_entry_drain,
          kennysheep_generic_room_7
D:5:      layout_loops_ring, old_standard_altar, uniq_grinder
D:6:      layout_basic, nicolae_ashenzari_panopticon,
          chequers_temple_overflow_statue_of_worship,
          minmay_temple_entry_junction, serial_shops, nicolae_shop_stone,
          hangedman_feature_mirror, hangedman_abyss_or_decor_stabs,
          grunt_qazlal_sundering, uniq_sigmund, uniq_prince_ribbit1
D:7:      layout_basic, minitemple, chequers_serial_rivers_micro_c
Temple:   nicolae_temple_figure_zero

Skill      XL: |  1  2  3  4  5  6  7  8 |
---------------+-------------------------+-----
Fighting       | 1 2 3 4 5 |  5.8
Spellcasting   | 4 5 6 6 |  6.4
Dodging        | 3 4 5 6 |  6.9
Stealth        | |  1.5

Action                   |  1- 3 |  4- 6 |  7- 9 || total
-------------------------+-------+-------+-------++-------
Melee: Unarmed           |       |     4 |       ||     4
       Dagger            |       |     2 |     6 ||     8
 Cast: Magic Dart        |    68 |     2 |    12 ||    82
       Sandblast         |    16 |    50 |    64 ||   130
       Searing Ray       |       |    10 |     8 ||    18
       Fulminant Prism   |       |     2 |     3 ||     5
       Iskenderun's Myst |       |       |     2 ||     2
       Dazzling Flash    |       |       |     1 ||     1
       Poisonous Vapours |       |       |     5 ||     5
  Use: Scroll            |       |     9 |       ||     9
 Stab: Sleeping          |       |     1 |     1 ||     2
Armor: Robe              |       |     4 |     8 ||    12
Dodge: Dodged            |     7 |    15 |    17 ||    39

Table legend: (Time is in decaauts)
 A = Elapsed time spent in this place.
 B = Non-inter-level travel time spent in this place.
 C = Inter-level travel time spent in this place.
 D = Time resting spent in this place.
 E = Time spent auto-exploring this place.
 F = Levels seen in this place.
 G = Mean time per level.
                   A        B        C        D        E       F      G
               +--------+--------+--------+--------+--------+-----+--------+
         Total |   8258 |   7950 |    308 |   1983 |   4780 |   9 |  917.6 |
       Dungeon |   7699 |   7392 |    307 |   1783 |   4539 |   7 | 1099.9 |
        Temple |    162 |    161 |      1 |      0 |    113 |   1 |  162.0 |
         Sewer |    396 |    396 |      0 |    200 |    128 |   1 |  396.0 |
               +--------+--------+--------+--------+--------+-----+--------+

Top non-repeatable levels by time:
     D:4: 1668 daAuts
     D:1: 1378 daAuts
     D:2: 1344 daAuts
     D:3: 1306 daAuts
     D:5: 900 daAuts
     D:6: 615 daAuts
     D:7: 485 daAuts
   Sewer: 396 daAuts
  Temple: 162 daAuts
